 Dungeon Crawl Stone Soup version 0.27-a0-836-gfc908b8576 (webtiles) character file.

Game seed: 15839803793571345214

660 funkygono the Magician (level 7, 0/47 HPs)
             Began as a Djinni Fire Elementalist on Apr 1, 2021.
             Was a Follower of Okawaru.
             Slain by Maggie
             ... wielding a +2 morningstar of holy wrath
              (11 damage)
             ... on level 6 of the Dungeon.
             The game lasted 00:09:30 (6082 turns).

funkygono the Magician (Djinni Fire Elementalist)   Turns: 6082, Time: 00:09:31

Health: 0/47       AC:  6    Str: 13    XL:     7   Next: 56%
Gold:   165        EV: 12    Int: 22    God:    Okawaru [*.....] SH:  0 Dex: 14

rFire    + + .     SeeInvis .   d - +7 battleaxe of Dishonesty {spect, Int+4}
rCold    x . .     Faith    .   (shield currently unavailable)
rNeg     . . .     Spirit   .   c - +3 leather armour
rPois    ∞         Reflect  .   (no helmet)
rElec    .         Harm     .   (no cloak)
rCorr    .         Rampage  .   (no gloves)
Will     .....                  (boots unavailable)
Stlth    ++........             (no amulet)
HPRegen  0.15/turn              l - +6 ring of strength
MPRegen  0.00/turn              g - +4 ring of slaying

@: flying
A: fire resistance 2, cold vulnerability 1, float, innate caster, hp casting,
extra vitality 1
a: Renounce Religion, Heroism


You were on level 6 of the Dungeon.
You worshipped Okawaru.
Okawaru was aware of your devotion.
You visited 1 branch of the dungeon, and saw 6 of its levels.

You collected 165 gold pieces.

Inventory:

Hand Weapons
 d - the +7 battleaxe of Dishonesty (weapon) {spect, Int+4}
   (You acquired it on level 5 of the Dungeon)

   When it strikes, its spirit leaps out and fights alongside the wielder.
   It affects your intelligence (+4).
 o - a +2 dagger of venom
Armour
 a - a +0 robe
 c - a +3 leather armour (worn)
Magical Staves
 j - a staff of death
Jewellery
 e - a ring of see invisible
 g - a +4 ring of slaying (right hand)
 l - a +6 ring of strength (left hand)
Wands
 b - a wand of polymorph (11)
 p - a wand of mindburst (20)
Scrolls
 h - a scroll of teleportation
 k - a scroll of identify
Potions
 f - a potion of mutation
 m - a potion of berserk rage
 q - a potion of might


   Skills:
 * Level 1.4 Fighting
 + Level 0.2(1.3) Short Blades
 * Level 2.1 Long Blades
 * Level 2.3 Armour
 + Level 2.6 Dodging
 - Level 1.5 Stealth
 * Level 6.1 Spellcasting


You couldn't memorise any spells.
You knew the following spells:

 Your Spells              Type           Power      Damage    Failure   Level
a - Foxfire               Conj/Fire      100%       2x1d9     1%          1
b - Conjure Flame         Conj/Fire      33%        6-21      2%          3
c - Inner Flame           Hex/Fire       33%        N/A       2%          3
d - Sticky Flame          Conj/Fire      33%        2d5       9%          4
e - Fireball              Conj/Fire      16%        3d8       26%         5
f - Beastly Appendage     Tmut           66%        N/A       1%          1
g - Call Imp              Summ           33%        N/A       1%          2
h - Searing Ray           Conj           66%        3d5       1%          2
Your spell library was empty.

Dungeon Overview and Level Annotations

Branches:
Dungeon (6/15)             Temple (0/1) D:5

Altars:
Cheibriados
Elyvilon
Makhleb
Okawaru
Wu Jian

Shops:
D:2 !

Annotations:
D:6 Maggie


Innate Abilities, Weirdness & Mutations

You are immune to poison.
Your flesh is very heat resistant. (rF++)
You are vulnerable to cold. (rC-)
You float through the air rather than walking.
You learn spells naturally, not from books.
Your magical power is your life essence.
You have superior vitality. (+4 HP)


Message History

(D) Dungeon (T) Temple
Where to? (Enter - D:5, ? - help)
What level of the Dungeon? (default 1, ? - help)
There is a stone staircase leading down here.
You fly downwards.
A gnoll and Maggie come into view.
Maggie is wielding a +2 morningstar of holy wrath.
The gnoll shouts!
Found a cloak and a ring of see invisible.
There is a stone staircase leading up here.
Casting: Foxfire (safe; 1% risk of failure)
Confirm with . or Enter, or press ? or * to list all spells.
You conjure some foxfire!
Maggie shouts!
You hear an angry hiss.
Maggie hits you with a +2 morningstar of holy wrath.
You barely miss Maggie.
The foxfire hits Maggie!
Maggie is lightly wounded.
The foxfire hits Maggie!
Maggie is moderately wounded.
Maggie closely misses you.
You closely miss Maggie.
Maggie is moderately wounded.
Your spectral weapon hits Maggie!
Maggie hits you with a +2 morningstar of holy wrath! x2
A water moccasin comes into view.
Casting: Foxfire (safe; 1% risk of failure)
Confirm with . or Enter, or press ? or * to list all spells.
Aiming: Sticky Flame (dangerous; 9% risk of failure)
Press: ? - help, Shift-Dir - straight line, f - Maggie
Aim: Maggie, wielding a +2 morningstar of holy wrath and wearing +0 swamp dragon scales (heavily wounded, 0% to evade)
The sticky flame hits Maggie.
Maggie is heavily wounded.
Maggie is covered in liquid flames!
Maggie burns!
A gnoll comes into view. It is wielding a +2 spear.
Maggie hits you with a +2 morningstar of holy wrath!
* * * LOW HITPOINT WARNING * * *
The gnoll shouts!
Maggie burns!
The gnoll closely misses you.
Maggie hits you with a +2 morningstar of holy wrath!
You die...

########
...... #....
..S###..#
#.####.@......
#[..g.@#
gg......#
##..##### #.


You could see Maggie (burning), a water moccasin and 3 gnolls.

Vanquished Creatures
  An ice beast (D:5)
  A phantom (D:5)
  A howler monkey (D:5)
  4 iguanas
  Natasha (thrice) (D:3)
  A scorpion zombie (D:3)
  4 hound zombies
  2 hound skeletons
  6 adders
  A white imp (D:5)
  2 adder skeletons (D:3)
  2 adder zombies (D:3)
  3 worms (D:2)
  4 dart slugs
  2 orcs
  7 ball pythons
  5 bats
  7 endoplasms
  6 giant cockroaches
  8 goblins
  4 hobgoblins
  3 jackals (D:2)
  5 quokkas
  A ball python skeleton (D:3)
  2 frilled lizards
  2 giant cockroach zombies (D:3)
  A jackal zombie (D:3)
  6 kobolds
  A quokka skeleton (D:3)
  2 quokka zombies (D:3)
  3 rats
100 creatures vanquished.

Vanquished Creatures (others)
  359 foxfires
  7 withered plants (D:3)
366 creatures vanquished.

Grand Total: 466 creatures vanquished

Notes
Turn   | Place    | Note
-------+----------+-------------------------------------------
     0 | D:1      | funkygono the Djinni Fire Elementalist began the quest for
                  | the Orb.
     0 | D:1      | Reached XP level 1. HP: 15/15 MP: 0/0
   550 | D:1      | Reached skill level 3 in Spellcasting
   550 | D:1      | Reached XP level 2. HP: 17/21 MP: 0/0
  1565 | D:2      | Found a faded altar of an unknown god.
  1653 | D:2      | Reached XP level 3. HP: 24/25 MP: 0/0
  1653 | D:2      | Learned a level 1 spell: Beastly Appendage
  2204 | D:2      | Found Kysahu's Distillery.
  2455 | D:2      | Reached XP level 4. HP: 24/31 MP: 0/0
  3012 | D:3      | Reached skill level 4 in Spellcasting
  3426 | D:3      | Noticed Natasha
  3430 | D:3      | Killed Natasha
  3466 | D:3      | Reached XP level 5. HP: 25/36 MP: 0/0
  3466 | D:3      | Learned a level 2 spell: Call Imp
  3486 | D:3      | Reached skill level 1 in Armour
  3614 | D:3      | Found an iron altar of Okawaru.
  3621 | D:3      | Became a worshipper of Warmaster Okawaru
  3672 | D:3      | Reached skill level 1 in Fighting
  3711 | D:3      | Found a snail-covered altar of Cheibriados.
  3764 | D:3      | Noticed Natasha
  3772 | D:3      | Killed Natasha
  3773 | D:3      | Reached skill level 1 in Long Blades
  3837 | D:3      | Noticed Natasha
  3840 | D:3      | Killed Natasha
  3841 | D:3      | Reached XP level 6. HP: 24/42 MP: 0/0
  4033 | D:3      | Found an iron altar of Okawaru.
  4159 | D:3      | Reached skill level 5 in Spellcasting
  4192 | D:3      | Found an ornate altar of the Wu Jian Council.
  4276 | D:3      | Found a burning altar of Makhleb.
  4603 | D:4      | Reached * piety under Okawaru
  4975 | D:5      | Entered Level 5 of the Dungeon
  5103 | D:5      | Reached XP level 7. HP: 41/47 MP: 0/0
  5103 | D:5      | Learned a level 2 spell: Searing Ray
  5149 | D:5      | Found a white marble altar of Elyvilon.
  5191 | D:5      | Found a staircase to the Ecumenical Temple.
  5499 | D:5      | Reached skill level 6 in Spellcasting
  6023 | D:5      | Identified a scroll of acquirement
  6023 | D:5      | Acquired the +7 battleaxe of Dishonesty {spect, Int+4}
  6077 | D:6      | Noticed Maggie
  6082 | D:6      | Slain by Maggie

Illustrated notes

Levels and vault maps discovered:
D:1:      dpeg_arrival_leaves_temple_mockup, layout_loops_ring, serial_glass,
          glass_columns_c, glass_columns_a
D:2:      layout_basic, serial_shops, shop, chequers_ecumenical_altar_island,
          minmay_misc_feat_more_columns
D:3:      layout_rooms, nzn_wu_jian_contemplation, bloody_makhleb,
          old_standard_altar, kennysheep_slug_shrine, serial_undead,
          serial_undead_b, serial_undead_e, serial_undead_c, serial_undead_a,
          serial_undead_a, serial_undead_f, serial_undead_b, serial_undead_f,
          serial_undead_e, serial_undead_f, okawaru_metal_pillars_1_2,
          uniq_natasha
D:4:      layout_rooms
D:5:      layout_basic, nicolae_overflow_hidden_temple,
          minmay_temple_entry_offerings, st_stairs_12
D:6:      layout_loops_ring, fedhas_bush_and_centaur_altar,
          nemelex_xobeh_ov_fountains_minmay, uniq_maggie, uniq_sigmund

Skill      XL: |  1  2  3  4  5  6  7 |
---------------+----------------------+-----
Spellcasting   | 3 4 5 6 |  6.1
Armour         | 1 2 |  2.3
Fighting       | 1 |  1.4
Long Blades    | 1 2 |  2.1
Short Blades   | |  0.2
Dodging        | |  2.6
Stealth        | |  1.5

Action                   |  1- 3 |  4- 6 |  7- 9 || total
-------------------------+-------+-------+-------++-------
Melee: Dagger            |    14 |    24 |    15 ||    53
       Battleaxe         |       |       |     2 ||     2
 Cast: Foxfire           |    73 |   125 |    12 ||   210
       Sticky Flame      |       |       |     1 ||     1
Invok: Heroism           |       |     1 |       ||     1
  Use: Scroll            |       |     4 |     7 ||    11
Armor: Robe              |     1 |       |       ||     1
       Leather armour    |     2 |     7 |     2 ||    11
Dodge: Dodged            |    15 |    26 |    10 ||    51

Table legend: (Time is in decaauts)
 A = Elapsed time spent in this place.
 B = Non-inter-level travel time spent in this place.
 C = Inter-level travel time spent in this place.
 D = Time resting spent in this place.
 E = Time spent auto-exploring this place.
 F = Levels seen in this place.
 G = Mean time per level.
                   A        B        C        D        E       F      G
               +--------+--------+--------+--------+--------+-----+--------+
         Total |   6078 |   5943 |    135 |    505 |   4663 |   6 | 1013.0 |
       Dungeon |   6078 |   5943 |    135 |    505 |   4663 |   6 | 1013.0 |
               +--------+--------+--------+--------+--------+-----+--------+

Top non-repeatable levels by time:
     D:2: 1811 daAuts
     D:1: 1561 daAuts
     D:3: 1105 daAuts
     D:5: 1100 daAuts
     D:4: 493 daAuts
     D:6: 6 daAuts
